 Dungeon Crawl Stone Soup version 0.30.0-17-ge0270778cf (webtiles) character file.

Game seed: 3940455248200802794

363 Iich the Changer (level 6, -6/43 HPs)
             Began as an Octopode Transmuter on May 22, 2023.
             Mangled by an ogre
             ... wielding a +0 giant club
              (29 damage)
             ... on level 3 of the Dungeon.
             The game lasted 00:08:31 (3513 turns).

Iich the Changer (Octopode Transmuter)              Turns: 3513, Time: 00:08:31

Health: -6/43      AC:  1    Str: 10    XL:     6   Next: 67%
Magic:  11/11      EV: 13    Int: 15    God:
Gold:   168        SH:  0    Dex: 14    Spells: 9/12 levels left

rFire   . . .        c - +0 dagger
rCold   . . .        (no shield)
rNeg    . . .        (helmet currently unavailable)
rPois   .            m - amulet of magic regeneration
rElec   .            (no ring)
rCorr   .            (no ring)
SInv    .            (no ring)
Will    .....        (no ring)
Stlth   ++           (no ring)
HPRegen 0.27/turn    (no ring)
MPRegen 0.52/turn    (no ring)
                     (no ring)

%: no passive effects
@: appendages
A: tentacle spike 3, almost no armour, amphibious, 8 rings, camouflage 1,
gelatinous body 1, (nimble swimmer 1), tentacles
a: End Transformation


You were on level 3 of the Dungeon.
One of your tentacles had grown a beastly spike.
You visited 1 branch of the dungeon, and saw 4 of its levels.

You collected 168 gold pieces.

Inventory:

Hand Weapons
 c - a +0 dagger (weapon)
Jewellery
 m - an amulet of magic regeneration (around mantle)
Scrolls
 f - a scroll of poison
 g - a scroll of magic mapping
 h - a scroll of noise
 j - a scroll of fear {unknown}
 k - a scroll of immolation
 t - 2 scrolls of teleportation
Potions
 a - a potion of lignification
 b - a potion of curing {unknown}
 d - a potion of might {unknown}
 e - a potion of haste {unknown}
 l - 2 potions of cancellation
 n - 2 potions of resistance {unknown}


   Skills:
 + Level 3.8 Fighting
 - Level 2.0 Dodging
 - Level 3.0 Unarmed Combat
 + Level 3.9 Spellcasting
 + Level 4.2 Transmutations


You had 9 spell levels left.
You knew the following spells:

 Your Spells              Type           Power      Damage    Failure   Level
a - Beastly Appendage     Tmut           30%        N/A       3%          1
b - Wereblood             Tmut           15%        N/A       4%          2

Your spell library contained the following spells:

 Spells                   Type           Power      Damage    Failure   Level
 Foxfire                  Conj/Fire      8%         2x1d4     19%         1
 Slow                     Hex            8%         N/A       19%         1
 Spider Form              Tmut/Pois      9%         N/A       22%         3
 Lesser Beckoning         Tloc           4%         N/A       28%         2
 Ignite Poison            Fire/Tmut/Pois 7%         N/A       30%         3
 Confusing Touch          Hex            2%         N/A       50%         3
 Frozen Ramparts          Ice            4%         1d1       50%         3
 Gell's Gravitas          Tloc           2%         N/A       50%         3
 Teleport Other           Tloc           2%         N/A       50%         3
 Vampiric Draining        Necr           2%         2d6       50%         3
 Ice Form                 Ice/Tmut       9%         N/A       58%         4
 Sticky Flame             Conj/Fire      2%         2d3       88%         4
 Summon Ice Beast         Ice/Summ       2%         N/A       88%         4
 Fireball                 Conj/Fire      1%         3d3       99%         5
 Plasma Beam              Fire/Air       1%         2x1d12    100%        6
 Starburst                Conj/Fire      1%         6d3       100%        6
 Ignition                 Fire           1%         3d3       100%        8


Dungeon Overview and Level Annotations

Branches:
Dungeon (4/15)
 Temple: D:4-7

Altars:
Fedhas

Annotations:
D:4 Sigmund


Innate Abilities, Weirdness & Mutations

One of your tentacles has grown a beastly spike.
You cannot wear most types of armour.
You are amphibious.
You can wear up to eight rings at the same time.
Your skin changes colour to match your surroundings (Stealth+).
Your rubbery body absorbs attacks. (AC +1, EV +1)
((You are camouflaged when in or above water. (Stealth+)))
You have tentacles for arms and can constrict up to eight enemies at once.


Message History

HP restored.
Health restored: 43 You start waiting.
Done waiting.
You start waiting.
Done waiting.
You climb downwards.
Level annotation: Sigmund The ogre barely misses you.
There is a stone staircase leading up here.
The ogre misses you.
You climb upwards.
There is a stone staircase leading down here.
You hit the ogre but do no damage. Your squeeze misses the ogre.
You hit the ogre.
The ogre is lightly wounded.
The ogre hits you with a +0 giant club!!
You take 21 damage, and have 22/43 hp. !!!!--MASSIVE DAMAGE--!!!!
You hit the ogre but do no damage.
Your tentacle-slap misses the ogre.
The ogre is lightly wounded.
The ogre barely misses you.
You are too injured to fight recklessly!
Casting: Beastly Appendage (safe; 3% risk of failure)
Confirm with . or Enter, or press ? or * to list all spells.
One of your tentacles grows a vicious spike.
You now have 10/11 mp.
You hit the ogre. You squeeze the ogre.
The ogre is moderately wounded.
The ogre misses you.
MP restored: 11 You closely miss the ogre.
The ogre is moderately wounded.
The ogre misses you.
You hit the ogre but do no damage.
You pierce the ogre.
The ogre is heavily wounded.
You hit the ogre.
You pierce the ogre!
The ogre is severely wounded.
The ogre hits you with a +0 giant club!!
Ouch! That really hurt!
You die...

#.###.#.## #..# #.# #.#
##§§##..## #..# #.# #.#
.§§§§§§P.# #..# #.# #.#
###§~§§~.# #..####.###.#
#.~~§..## #...........#
##.§~~§~.#####........####
##.P§§~.§.........###..#
....§§§P..#.#)..O####..####
####.§§§.....~..@...#..>..#
# ##§..#..~~~~.###.##.##.#
# ##.##...~~≈.# #.##.##.# #
####...~~~~.# #.##.##.# #
##......~~~..# #.....#.# #
##...#.....~PP# ####..#.#
###.....#.##..#.# #..#.#
......^...###...# #<.#.#
###.....### #.### #..#.#


You could see an ogre.

Vanquished Creatures
  2 ogres (D:4)
  A hound (D:4)
  Jessica (D:2)
  An iguana (D:4)
  A hound skeleton (D:3)
  3 adders
  An adder skeleton (D:3)
  2 adder zombies (D:3)
  2 worms
  A dart slug (D:1)
  2 orcs
  2 bats (D:3)
  6 endoplasms
  2 giant cockroaches (D:4)
  6 goblins
  4 hobgoblins
  2 quokkas
  4 ball pythons
  A ball python skeleton (D:3)
  2 ball python zombies (D:3)
  2 frilled lizards
  2 giant cockroach zombies (D:3)
  A jackal skeleton (D:3)
  A kobold (D:3)
  A quokka skeleton (D:3)
  5 rats
58 creatures vanquished.

Notes
Turn   | Place    | Note
-------+----------+-------------------------------------------
     0 | D:1      | Iich the Octopode Transmuter began the quest for the Orb.
     0 | D:1      | Reached XP level 1. HP: 13/13 MP: 3/3
   332 | D:1      | Found a faded altar of an unknown god.
   435 | D:1      | Reached XP level 2. HP: 18/18 MP: 3/5
   728 | D:1      | Learned a level 2 spell: Wereblood
  1431 | D:2      | Noticed Jessica
  1437 | D:2      | Killed Jessica
  1438 | D:2      | Reached XP level 3. HP: 7/24 MP: 4/6
  1863 | D:2      | Reached XP level 4. HP: 24/29 MP: 8/8
  2050 | D:3      | Found a blossoming altar of Fedhas.
  2082 | D:3      | Reached skill level 3 in Transmutations
  2578 | D:3      | Reached XP level 5. HP: 35/35 MP: 9/9
  2708 | D:4      | Noticed an ogre
  2723 | D:4      | Killed an ogre
  2724 | D:4      | Reached XP level 6. HP: 6/42 MP: 9/11
  3220 | D:4      | Reached skill level 4 in Transmutations
  3222 | D:4      | Noticed Sigmund
  3513 | D:3      | Mangled by an ogre

Illustrated notes

Levels and vault maps discovered:
D:1:      nagdon_arrival_double_spiral, layout_basic,
          dreamdust_ecumenical_altar_hidden_monk_grotto, hex_medium
D:2:      layout_loops_corners, uniq_jessica
D:3:      layout_loops_ring, overflow_temple_1_default, serial_undead,
          serial_undead_e, serial_undead_f, serial_undead_e, serial_undead_f,
          serial_undead_b, serial_undead_a, serial_undead_e, serial_undead_c,
          minmay_strange_pillars
D:4:      layout_basic, mainiacjoe_overflow_catwalk,
          nicolae_elyvilon_temple_path, minmay_vboxes, uniq_sigmund

Skill      XL: |  1  2  3  4  5  6 |
---------------+-------------------+-----
Fighting       | 2 3 |  3.8
Transmutations | 3 4 |  4.2
Spellcasting   | 3 |  3.9
Dodging        | |  2.0
Unarmed Combat | |  3.0

Action                     |  1- 3 |  4- 6 || total
---------------------------+-------+-------++-------
  Melee: Dagger            |    35 |    96 ||   131
         Kick              |     8 |    27 ||    35
         Constrict         |    10 |    30 ||    40
         Unarmed           |     2 |       ||     2
         Punch             |     1 |     5 ||     6
         Tentacles         |     8 |    23 ||    31
   Cast: Beastly Appendage |    10 |    12 ||    22
         Wereblood         |     2 |     4 ||     6
    Use: Scroll            |       |     5 ||     5
         Potion            |       |     1 ||     1
   Stab: Sleeping          |     3 |     1 ||     4
 Armour: Skin              |     3 |    20 ||    23
  Dodge: Dodged            |    18 |    56 ||    74
